 Dungeon Sprint DCSS version 0.30-a0-304-gdc4b735fe1 (webtiles) character file.

Game seed: 1627308383617294867

644 Low2 the Spear-Bearer (level 7, 0/64 HPs)
             Began as a Minotaur Gladiator on Oct 20, 2022.
             Was an Initiate of Makhleb.
             Succumbed to their own poison gas
             ... in the Dungeon (Sprint I: "Red Sonja").
             The game lasted 00:04:09 (474 turns).

Low2 the Spear-Bearer (Minotaur Gladiator)           Turns: 474, Time: 00:04:09

Health: 0/64       AC: 11    Str: 21    XL:     7   Next: 26%
Magic:  6/6        EV: 15    Int:  5    God:    Makhleb [......]
Gold:   75         SH:  0    Dex: 11    Spells: 6/6 levels left

rFire   . . .      SeeInvis .    e - +2 dagger (protect)
rCold   . . .      Faith    .    (no shield)
rNeg    . . .      Spirit   .    b - +1 leather armour
rPois   .          Reflect  .    c - +0 hat
rElec   .          Harm     .    (no cloak)
rCorr   +          Rampage  .    (no gloves)
Will    .....      NoTele   +    (no boots)
Stlth   ++........               (no amulet)
HPRegen 0.30/turn                l - ring of resist corrosion
MPRegen 0.10/turn                (no ring)

@: lethally poisoned (0 -> -34), under a protective aura
A: horns 2, retaliatory headbutt
a: Renounce Religion


You were in the Dungeon.
You worshipped Makhleb.
Makhleb was noncommittal.
You visited 1 branch You collected 405 gold pieces.
You spent 330 gold pieces at shops.

Inventory:

Hand Weapons
 a - a +0 trident
 e - a +2 dagger of protection (weapon)
Armour
 b - a +1 leather armour (worn)
 c - a +0 hat (worn)
Jewellery
 l - a ring of resist corrosion (left hand)
Scrolls
 g - a scroll of fear
 o - a scroll of identify
 p - a scroll of poison
Potions
 d - a potion of flight
 h - a potion of haste
 i - 3 potions of magic
 j - a potion of berserk rage


   Skills:
 + Level 6.4 Fighting
 + Level 0.5 Short Blades
 + Level 11.8 Polearms
 + Level 5.7 Throwing
 + Level 2.2 Armour
 + Level 10.0 Dodging
 + Level 4.5 Stealth


You had 6 spell levels left.
You didn't know any spells.
Your spell library was empty.

Dungeon Overview and Level Annotations

Branches:
Dungeon (1/1)

Altars:
Cheibriados
Dithmenos
Elyvilon
Fedhas
Gozag
Hepliaklqana
Kikubaaqudgha
Makhleb
Nemelex Xobeh
Okawaru
Qazlal
Ru
Sif Muna
Trog
Uskayaw
Vehumet
Wu Jian
Xom
Yredelemnul
Zin
The Shining One
Jiyva
Lugonu

Shops:
D ?


Innate Abilities, Weirdness & Mutations

You have a pair of horns on your head.
You reflexively headbutt those who attack you in melee.


Message History

The kobold demonologist looks braver for a moment.
The orange demon is engulfed in poison gas.
The orange demon looks even sicker.
Flame seeps out of the orange demon.
The orange demon barely misses you. The orange demon hits you.
The smoke demon hits you but does no damage.
The smoke demon hits you.
* * * LOW HITPOINT WARNING * * *
The smoke demon hits you but does no damage.
You barely miss the smoke demon.
You feel sick.
Flame seeps out of the orange demon.
The kobold demonologist is engulfed in blazing flames.
Flame seeps out of the kobold demonologist.
The kobold demonologist hits you with a +0 dagger.
* * * LOW HITPOINT WARNING * * *
You hit the smoke demon.
Flame seeps out of the smoke demon.
Your weapon exudes an aura of protection.
The smoke demon is lightly wounded.
You feel sick.
Flame seeps out of the orange demon.
The smoke demon is engulfed in blazing flames.
Flame seeps out of the smoke demon.
The smoke demon hits you but does no damage.
The smoke demon closely misses you.
The smoke demon hits you but does no damage.
The orange demon is engulfed in poison gas.
The orange demon looks as sick as possible!
Flame seeps out of the orange demon.
The orange demon stings you.
* * * LOW HITPOINT WARNING * * *
You are lethally poisoned!
The orange demon poisons you! The orange demon barely misses you.
The kobold demonologist looks satisfied for a moment.
The kobold demonologist is engulfed in blazing flames.
Flame seeps out of the kobold demonologist.
The kobold demonologist mumbles some strange words.
Blink to where?
Press: ? - help, Dir - move target, p - kobold demonologist
As you read the scroll of blinking, it crumbles to dust.
You are engulfed in poison gas.
You are more poisoned.
* * * LOW HITPOINT WARNING * * *
You die...

##########################
#<.#..').#.@§§☼#§4#G55K§§#
#..').#..'..#§☼§§3§K5#...#
#..#####'#####§#§4#### ..+
#..####..#...#.#### ##
#..#__####..##.#
#..#_____##'#_.+
#⌠⌠#_.∩...†..._#
####_..__##_.#'#
#_____###+#.#


You could see a smoke demon (summoned, inner flame) and a red devil (summoned).

Vanquished Creatures
  A slime creature (D)
  Sigmund (D)
  A yak (D)
  An ogre (D)
  A jelly (D)
  Ijyb (D)
6 creatures vanquished.

Notes
Turn   | Place    | Note
-------+----------+-------------------------------------------
     0 | D        | Low2 the Minotaur Gladiator began the quest for the Orb.
     0 | D        | Reached XP level 1. HP: 18/18 MP: 0/0
     2 | D        | Noticed Ijyb
     4 | D        | Paralysed by Ijyb for 2 turns
    14 | D        | Killed Ijyb
    15 | D        | Reached skill level 5 in Polearms
    15 | D        | Reached skill level 5 in Dodging
    15 | D        | Reached XP level 2. HP: 26/26 MP: 1/1
   119 | D        | Noticed an ogre
   125 | D        | Killed an ogre
   126 | D        | Reached skill level 7 in Polearms
   126 | D        | Reached skill level 1 in Stealth
   126 | D        | Reached XP level 3. HP: 33/33 MP: 2/2
   126 | D        | Reached XP level 4. HP: 40/40 MP: 3/3
   138 | D        | Noticed Sigmund
   154 | D        | Killed Sigmund
   155 | D        | Reached skill level 5 in Fighting
   155 | D        | Reached skill level 9 in Polearms
   155 | D        | Reached skill level 1 in Armour
   155 | D        | Reached XP level 5. HP: 28/48 MP: 4/4
   155 | D        | Reached XP level 6. HP: 33/56 MP: 5/5
   244 | D        | Found an ornate altar of the Wu Jian Council.
   244 | D        | Found a shimmering blue altar of Sif Muna.
   247 | D        | Found a radiant altar of Vehumet.
   249 | D        | Reached skill level 10 in Polearms
   288 | D        | Found Kyruosm's Magic Scroll Emporium.
   288 | D        | Found an ancient bone altar of Kikubaaqudgha.
   288 | D        | Found a hazy altar of Hepliaklqana.
   288 | D        | Found a stormy altar of Qazlal.
   288 | D        | Found a hide-covered altar of Uskayaw.
   288 | D        | Found a blossoming altar of Fedhas.
   288 | D        | Found a bloodstained altar of Trog.
   288 | D        | Found an iron altar of Okawaru.
   288 | D        | Found a basalt altar of Yredelemnul.
   288 | D        | Found a glowing golden altar of the Shining One.
   288 | D        | Found a snail-covered altar of Cheibriados.
   288 | D        | Found a sacrificial altar of Ru.
   288 | D        | Found a glowing silver altar of Zin.
   288 | D        | Found a shadowy altar of Dithmenos.
   288 | D        | Found a white marble altar of Elyvilon.
   288 | D        | Noticed a yak
   295 | D        | Killed a yak
   296 | D        | Reached skill level 11 in Polearms
   296 | D        | Reached skill level 5 in Throwing
   296 | D        | Found an opulent altar of Gozag.
   297 | D        | Found a sparkling altar of Nemelex Xobeh.
   349 | D        | Found a burning altar of Makhleb.
   349 | D        | Found a viscous altar of Jiyva.
   349 | D        | Found a shimmering altar of Xom.
   349 | D        | Found a corrupted altar of Lugonu.
   349 | D        | Noticed a slime creature
   360 | D        | Killed a slime creature
   361 | D        | Reached skill level 10 in Dodging
   361 | D        | Reached XP level 7. HP: 59/64 MP: 6/6
   366 | D        | Became a worshipper of Makhleb the Destroyer
   432 | D        | Bought a scroll of fear for 48 gold pieces
   432 | D        | Bought a scroll of immolation for 48 gold pieces
   432 | D        | Bought a scroll of identify for 24 gold pieces
   432 | D        | Bought 2 scrolls of poison for 96 gold pieces
   432 | D        | Bought a scroll of identify for 24 gold pieces
   432 | D        | Bought a scroll of enchant armour for 90 gold pieces
   453 | D        | Noticed a kobold demonologist
   454 | D        | Noticed a kobold demonologist
   459 | D        | Paralysed by a floating eye for 4 turns
   466 | D        | Noticed a smoke demon
   469 | D        | Noticed an orange demon
   469 | D        | Paralysed by a floating eye for 2 turns
   474 | D        | Noticed a red devil
   474 | D        | Succumbed to their own poison gas

Illustrated notes

Levels and vault maps discovered:
D:        dungeon_sprint_1 [red_sonja_temple_1, red_sonja_temple_small_1]

Skill      XL: |  1  2  3  4  5  6 |
---------------+-------------------+-----
Fighting       | 3 4 5 6 |  6.4
Polearms       | 5 7 9 11 | 11.8
Dodging        | 5 6 8 10 | 10.0
Throwing       | 3 4 5 |  5.7
Stealth        | 1 3 4 |  4.5
Armour         | 1 2 |  2.2
Short Blades   | |  0.5

Action                   |  1- 3 |  4- 6 |  7- 9 || total
-------------------------+-------+-------+-------++-------
Melee: Trident           |    12 |    13 |       ||    25
       Headbutt          |     4 |    12 |     1 ||    17
       Dagger            |       |    14 |     8 ||    22
Throw: Throwing net      |     3 |     1 |       ||     4
       Javelin           |       |     3 |     1 ||     4
  Use: Potion            |       |     1 |     1 ||     2
       Scroll            |       |       |     5 ||     5
 Stab: Held in net/web   |     3 |     1 |       ||     4
Armor: Leather armour    |       |     3 |    16 ||    19
Dodge: Dodged            |       |    10 |    10 ||    20

Table legend: (Time is in decaauts)
 A = Elapsed time spent in this place.
 B = Non-inter-level travel time spent in this place.
 C = Inter-level travel time spent in this place.
 D = Time resting spent in this place.
 E = Time spent auto-exploring this place.
 F = Levels seen in this place.
 G = Mean time per level.
                   A        B        C        D        E       F      G
               +--------+--------+--------+--------+--------+-----+--------+
         Total |    473 |    473 |      0 |    178 |      0 |   1 |  473.0 |
       Dungeon |    473 |    473 |      0 |    178 |      0 |   1 |  473.0 |
               +--------+--------+--------+--------+--------+-----+--------+

Top non-repeatable levels by time:
       D: 473 daAuts
